 Dungeon Sprint DCSS version 0.16-a0-3706-g5dff784 (webtiles) character file.

9005 BluebellGnoll the Fetichist (level 11, -6/89 HPs)
             Began as a Formicid Gladiator on Jan 19, 2015.
             Was the Champion of Makhleb.
             Mangled by an ice dragon (16 damage)
             ... in the Dungeon (Sprint V: "Ziggurat Sprint").
             The game lasted 00:11:03 (730 turns).

BluebellGnoll the Fetichist (Formicid Gladiator)     Turns: 730, Time: 00:11:04

Health: -6/89      AC: 28    Str: 27    XL:     11   Next: 66%
Magic:  30/30      EV:  4    Int:  9    God:    Makhleb [******]
Gold:   0          SH: 31    Dex: 18    Spells: 0 memorised, 10 levels left

rFire  + + .     SeeInvis +     q - +7 great mace "Firestarter" {flame, rF++}
rCold  . . .     Clarity  .     m - +15 Maxwell's patent armour {-Cast -Tele rElec MR+ rCorr} (curse)
rNeg   + . .     SustAb   .     n - +18 shield of the gong {rElec rN+ MR+ EV-5}
rPois  .         Gourm    .     (helmet unavailable)
rElec  +         Spirit   .     (no cloak)
rCorr  +         Warding  .     (no gloves)
rMut   .         Stasis   +     (no boots)
MR     +++..     NoCast   +     (no amulet)
Stlth  ..........               p - +6 ring of strength
                                l - +6 ring of dexterity

@: extremely resistant to hostile enchantments, extremely unstealthy
A: permanent stasis, dig shafts and tunnels, four strong arms, antennae 3
a: Dig, Minor Destruction, Lesser Servant of Makhleb, Major Destruction, Greater
Servant of Makhleb, Renounce Religion


You were in the Dungeon.
You worshipped Makhleb.
Makhleb was exalted by your worship.
You were hungry.

You visited 1 branch

Inventory:

Hand weapons
 a - a +0 flail
 o - the +6 dark maul {crush}
   (You found it in the Dungeon)

   It inflicts extra damage upon your enemies.
 q - the +7 great mace "Firestarter" (weapon) {flame, rF++}
   (You found it in the Dungeon)

   It emits flame when wielded, causing extra injury to most foes and up to half
   again as much damage against particularly susceptible opponents.
   It greatly protects you from fire.
 r - the +6 shillelagh "Devastator"
   (You found it in the Dungeon)
 J - a +5 demon whip of freezing
 K - a +5 great mace
 N - the +6 great mace of Slow Death {crush, +Fly HP+9}
   (You found it in the Dungeon)

   It inflicts extra damage upon your enemies.
   It affects your health (+9).
   It lets you fly.
Missiles
 d - 3 throwing nets (quivered)
Armour
 b - a +0 leather armour
 m - the cursed +15 Maxwell's patent armour (worn) {-Cast -Tele rElec MR+ rCorr}
   (You found it in the Dungeon)

   It insulates you from electricity.
   It affects your resistance to hostile enchantments.
   It prevents spellcasting.
   It prevents most forms of teleportation.
   It protects you from acid and corrosion.
   It has a curse placed upon it.
 n - the +18 shield of the gong (worn) {rElec rN+ MR+ EV-5}
   (You found it in the Dungeon)

   It affects your evasion (-5).
   It insulates you from electricity.
   It protects you from negative energy.
   It affects your resistance to hostile enchantments.
 I - a +5 gold dragon armour
Rods
 F - a +2 rod of shadows (0/10)
   (You took it off a draconian in the Dungeon)
Jewellery
 l - a +6 ring of dexterity (left hand)
 p - a +6 ring of strength (right hand)
Magical devices
 c - a wand of disintegration (7)
 h - a wand of fire (4)
 j - a wand of cold (3)
 k - a wand of draining (5)
Scrolls
 u - 4 scrolls of amnesia
 v - 3 scrolls of recharging
 w - 7 scrolls of fog
 x - a scroll of holy word
 y - 5 scrolls of identify
 z - 5 scrolls of remove curse
 A - 2 scrolls of fear
Potions
 e - 10 potions of curing
 g - 9 potions of heal wounds
 i - 7 potions of magic
 B - 2 potions of brilliance
 C - 2 potions of invisibility
 D - 2 potions of restore abilities
 E - 4 potions of resistance
 G - 5 potions of agility
 H - 5 potions of might
Miscellaneous
 L - an ornate deck of escape
 O - a lamp of fire
 P - a phial of floods
 Q - a phantom mirror
 R - a plain deck of summoning
 S - a stone of tremors
Comestibles
 f - 5 bread rations
 s - 42 fruits
 t - 4 meat rations
 M - 11 chunks of flesh


   Skills:
 - Level 9.3 Fighting
 - Level 15.9 Maces & Flails
 - Level 1.5 Throwing
 - Level 8.0 Armour
 - Level 2.6 Dodging
 - Level 11.3 Shields
 - Level 9.2 Invocations
 + Level 17.0 Evocations


You had 10 spell levels left.
You didn't know any spells.

Dungeon Overview and Level Annotations

Branches:
Dungeon (1/1)

Altars:
Ashenzari
Cheibriados
Dithmenos
Elyvilon
Fedhas
Gozag
Kikubaaqudgha
Makhleb
Nemelex Xobeh
Okawaru
Qazlal
Ru
Sif Muna
Trog
Vehumet
Xom
Yredelemnul
Zin
The Shining One
Beogh
Jiyva
Lugonu


Innate Abilities, Weirdness & Mutations

You are under a permanent stasis effect.
You can dig through walls and to a lower floor.
Your four strong arms can wield two-handed weapons with a shield.
You have a pair of large antennae on your head (SInv).


Message History

Unknown command.
Unknown command.
You completely miss the moth of wrath.
The moth of wrath is moderately wounded.
You block the electric golem's attack.
GONNNNG!
You block the electric golem's attack.
PTOANNNG!
The electric golem hits you but does no damage.
The electric golem barely misses you.
You block the mottled draconian's attack.
GONNNNG!
The moth of wrath bites you but does no damage.
The Orb Guardian hits you!!
* * * LOW HITPOINT WARNING * * *
The grey draconian hits you but does no damage.
The grey draconian tail-slaps you!
* * * LOW HITPOINT WARNING * * *
The ice dragon bites you!
You die...

.8© ▓...8©8...▓
▓..}.|}". ▓...)}:)..▓
▓..=::")..▓...[.)...▓
▓.........▓.........▓
▓.........▓.........▓
▓.........▓.........▓
▓..dDd....▓.)|).....▓
▓..dyX....▓.▓(|...▓.▓
▓.▓d@Dy.▓.▓...)(....▓
▓....8....▓▓▓▓▓▓▓▓▓▓▓
▓▓▓▓▓▓▓▓▓▓▓


{{{{{{{{ {{{{{{{{{ {{{{{{{{ {{{{{{{{ {{{{{{{ {{{{ You could see an electric
golem, a mottled draconian, a grey draconian, 2 draconians, 2 ice dragons, an
Orb Guardian (berserk) and 2 moths of wrath.

Vanquished Creatures
  2 vault guards (D)
  2 centaur warriors (D)
  A hell hog (D)
  An ugly thing (D)
  A griffon (D)
  3 draconians (D)
  A black mamba (D)
  A naga mage (D)
  A freezing wraith (D)
  A yaktaur (D)
  2 blue devils (D)
  A polar bear (D)
  2 fire vortices (D)
  2 spriggans (D)
  A wolf (D)
  An ice beast (D)
  2 water moccasins (D)
  2 black bears (D)
  An ogre (D)
  6 scorpions (D)
  2 jellies (D)
  3 orc priests (D)
  A hound (D)
  5 orc wizards (D)
  A worker ant (D)
  An adder (D)
  A giant mite (D)
  A white imp (D)
  2 orcs (D)
  A bat simulacrum (D)
  3 ball pythons (D)
55 creatures vanquished.

Vanquished Creatures (collateral kills)
  A hornet (D)
1 creature vanquished.

Vanquished Creatures (others)
  A stone giant (D)
  A phantasmal warrior (D)
  A cyclops (D)
  A fire vortex (D)
  A deep elf mage (D)
5 creatures vanquished.

Grand Total: 61 creatures vanquished

Notes
Turn   | Place    | Note
--------------------------------------------------------------
     0 | D        | BluebellGnoll, the Formicid Gladiator, began the quest for the Orb.
     0 | D        | Reached XP level 1. HP: 16/16 MP: 1/1
     0 | D        | Found a viscous altar of Jiyva.
     0 | D        | Found a corrupted altar of Lugonu.
     0 | D        | Found a white marble altar of Elyvilon.
     2 | D        | Found a sparkling altar of Nemelex Xobeh.
     2 | D        | Found a burning altar of Makhleb.
     2 | D        | Found a deep blue altar of Sif Muna.
     3 | D        | Found a bloodstained altar of Trog.
     6 | D        | Found an iron altar of Okawaru.
    17 | D        | Found a radiant altar of Vehumet.
    20 | D        | Became a worshipper of Makhleb the Destroyer
    43 | D        | Found a basalt altar of Yredelemnul.
    44 | D        | Found a shimmering altar of Xom.
    62 | D        | Reached skill level 8 in Armour
    62 | D        | Reached XP level 2. HP: 22/22 MP: 3/3
    65 | D        | Entered arena 1.
    65 | D        | Noticed a jelly
    65 | D        | Noticed a jelly
    68 | D        | Killed a jelly
    68 | D        | Reached skill level 5 in Maces & Flails
    68 | D        | Reached XP level 3. HP: 27/27 MP: 4/4
    70 | D        | Killed a jelly
    70 | D        | Acquired Makhleb's first power
    70 | D        | Reached XP level 4. HP: 33/33 MP: 5/5
    75 | D        | Entered arena 2.
    75 | D        | Noticed a draconian
    75 | D        | Noticed a draconian
    75 | D        | Noticed a draconian
    76 | D        | Identified a +2 rod of shadows (5/10)
    77 | D        | Noticed an ogre
    87 | D        | Killed an ogre
    96 | D        | Killed a draconian
    96 | D        | Killed a draconian
    96 | D        | Killed a draconian
    96 | D        | Reached skill level 12 in Maces & Flails
    96 | D        | Reached XP level 5. HP: 38/38 MP: 7/7
    96 | D        | Reached XP level 6. HP: 44/44 MP: 8/8
    96 | D        | Reached XP level 7. HP: 50/50 MP: 9/9
    96 | D        | Reached skill level 14 in Maces & Flails
    96 | D        | Reached XP level 8. HP: 36/56 MP: 11/11
    96 | D        | Acquired Makhleb's second power
    96 | D        | Reached skill level 15 in Maces & Flails
   202 | D        | Entered arena 3.
   202 | D        | Noticed a fire vortex
   202 | D        | Noticed a fire vortex
   202 | D        | Noticed a hell hog
   202 | D        | Noticed a fire vortex
   202 | D        | Killed a fire vortex
   205 | D        | Killed a fire vortex
   206 | D        | Killed a hell hog
   206 | D        | Reached XP level 9. HP: 34/71 MP: 12/12
   211 | D        | Killed a fire vortex
   378 | D        | Entered arena 4.
   378 | D        | Noticed an orc wizard
   378 | D        | Noticed an orc wizard
   378 | D        | Noticed an orc priest
   381 | D        | Killed an orc priest
   381 | D        | Acquired Makhleb's third power
   381 | D        | Killed an orc wizard
   383 | D        | Killed an orc wizard
   395 | D        | Got the +6 great mace of Slow Death {crush, +Fly HP+9}
   396 | D        | Entered arena 5.
   396 | D        | Noticed a spriggan
   396 | D        | Noticed a wolf
   396 | D        | Noticed a spriggan
   396 | D        | Noticed a black bear
   396 | D        | Noticed a black bear
   399 | D        | Killed a wolf
   399 | D        | Acquired Makhleb's fourth power
   399 | D        | Killed a spriggan
   399 | D        | Reached skill level 10 in Shields
   402 | D        | Killed a black bear
   403 | D        | Killed a spriggan
   408 | D        | Killed a black bear
   408 | D        | Acquired Makhleb's fifth power
   408 | D        | Reached XP level 10. HP: 83/83 MP: 13/13
   417 | D        | Entered arena 6.
   417 | D        | Noticed a blue devil
   417 | D        | Noticed an ice beast
   417 | D        | Noticed a blue devil
   417 | D        | Noticed a polar bear
   424 | D        | Killed an ice beast
   424 | D        | Reached skill level 1 in Invocations
   424 | D        | Reached skill level 1 in Evocations
   427 | D        | Killed a blue devil
   427 | D        | Killed a polar bear
   434 | D        | Killed a blue devil
   434 | D        | Reached skill level 5 in Invocations
   434 | D        | Reached skill level 5 in Evocations
   444 | D        | Identified Nosa's Guide on Sinister Arts and Confrontation (You found it in the Dungeon)
   447 | D        | Entered arena 7.
   447 | D        | Noticed an orc priest
   447 | D        | Noticed an orc wizard
   447 | D        | Noticed an orc wizard
   447 | D        | Noticed an orc priest
   447 | D        | Noticed an orc wizard
   452 | D        | Killed an orc wizard
   452 | D        | Killed an orc wizard
   453 | D        | Killed an orc priest
   453 | D        | Killed an orc wizard
   455 | D        | Killed an orc priest
   471 | D        | Entered arena 8.
   471 | D        | Noticed a scorpion
   471 | D        | Noticed a scorpion
   471 | D        | Noticed a scorpion
   471 | D        | Noticed a scorpion
   471 | D        | Noticed a scorpion
   471 | D        | Noticed a scorpion
   475 | D        | Killed a scorpion
   475 | D        | Killed a scorpion
   476 | D        | Killed a scorpion
   476 | D        | Killed a scorpion
   476 | D        | Killed a scorpion
   477 | D        | Killed a scorpion
   491 | D        | Identified the Papyrus of Arcane Weapons (You found it in the Dungeon)
   493 | D        | Entered arena 9.
   493 | D        | Noticed a black mamba
   493 | D        | Noticed a water moccasin
   493 | D        | Noticed a water moccasin
   493 | D        | Noticed a naga mage
   501 | D        | Killed a water moccasin
   501 | D        | Killed a black mamba
   501 | D        | Killed a water moccasin
   504 | D        | Killed a naga mage
   513 | D        | Identified Nooho's Further Steps in Wizardry (You found it in the Dungeon)
   546 | D        | Entered arena 10.
   546 | D        | Noticed a centaur warrior
   546 | D        | Noticed a vault guard
   546 | D        | Noticed a freezing wraith
   546 | D        | Noticed a griffon
   546 | D        | Noticed a vault guard
   546 | D        | Noticed a yaktaur
   546 | D        | Noticed a centaur warrior
   546 | D        | Noticed a purple ugly thing
   546 | D        | Noticed a hornet
   551 | D        | Killed a hornet
   551 | D        | Reached skill level 10 in Evocations
   555 | D        | Killed a yaktaur
   557 | D        | Killed a griffon
   557 | D        | Reached XP level 11. HP: 43/89 MP: 25/27
   558 | D        | Killed a centaur warrior
   560 | D        | HP: 1/89 [purple ugly thing (7)]
   561 | D        | Killed a centaur warrior
   563 | D        | Killed a freezing wraith
   573 | D        | Killed a purple ugly thing
   573 | D        | Reached skill level 15 in Evocations
   577 | D        | Killed a vault guard
   577 | D        | Reached skill level 16 in Evocations
   579 | D        | Killed a vault guard
   579 | D        | Reached skill level 17 in Evocations
   722 | D        | Entered arena 11.
   722 | D        | Noticed a mottled draconian
   722 | D        | Noticed a pale draconian
   722 | D        | Noticed an ice dragon
   722 | D        | Noticed an ice dragon
   722 | D        | Noticed a moth of wrath
   722 | D        | Noticed an Orb Guardian
   722 | D        | Noticed an electric golem
   722 | D        | Noticed a grey draconian
   723 | D        | Noticed a moth of wrath
   725 | D        | Noticed a pale draconian
   730 | D        | Mangled by an ice dragon

Action                   |  1- 3 |  4- 6 |  7- 9 | 10-12 || total
-------------------------+-------+-------+-------+-------++-------
Melee: Shillelagh        |     4 |    10 |     9 |     7 ||    30
       Great mace        |       |     4 |     2 |    20 ||    26
       Demon whip        |       |     1 |       |       ||     1
       Maul              |       |       |       |    25 ||    25
Evoke: Wand              |       |       |     2 |     1 ||     3
       Rod               |       |       |       |     4 ||     4
  Use: Potion            |     1 |     1 |       |     2 ||     4
       Scroll            |       |       |       |     1 ||     1
